 Dungeon Crawl Stone Soup version 0.31.0-9-g3a7656b989 (webtiles) character file.

Game seed: 13052776019463418780

2321 James the Cruncher (level 9, 0/63 HPs)
             Began as a Formicid Hexslinger on Jan 24, 2024.
             Was a Believer of Zin.
             Slain by an orc warrior
             ... wielding a +0 flail of distortion
              (16 damage)
             ... on level 7 of the Dungeon.
             The game lasted 00:22:29 (6040 turns).

James the Cruncher (Formicid Hexslinger)            Turns: 6040, Time: 00:22:29

Health: 0/63       AC:  9    Str: 15    XL:     9   Next: 69%
Magic:  10/10      EV: 12    Int: 13    God:    Zin [**....]
Gold:   220        SH:  0    Dex: 18    Spells: 8/10 levels left

rFire   + . .        a - +3 Elemental Staff {ele, rElec rF+ rC+ AC+3}
rCold   + + +        (no shield)
rNeg    . . .        i - +1 leather armour of the Evening {rPois rC+++ SInv Stlth-}
rPois   +            (helmet unavailable)
rElec   +            (no cloak)
rCorr   .            (no gloves)
SInv    +            w - +1 pair of boots "Uple Xesargh" {Regen+}
Will    .....        (no amulet) Stlth
                     g - +4 ring of slaying
HPRegen 1.10/turn    M - ring of flight
MPRegen 0.12/turn

%: no passive effects
@: flying
A: permanent stasis, dig shafts and tunnels, antennae 3, four strong arms
a: Dig, Shaft Self, Renounce Religion, Recite, Vitalisation, Donate Gold


You were on level 7 of the Dungeon.
You worshipped Zin.
Zin was pleased with you.
You visited 2 branches of the dungeon, and saw 8 of its levels.

You collected 425 gold pieces.
You spent 181 gold pieces at shops.
You donated 24 gold pieces to Zin.

Inventory:

Hand Weapons
 a - the +3 Elemental Staff (weapon) {ele, rElec rF+ rC+ AC+3}
   (You found it on level 2 of the Dungeon)

   AC+3:      It affects your AC (+3).
   rF+:       It protects you from fire.
   rC+:       It protects you from cold.
   rElec:     It insulates you from electricity.
 b - a +1 sling
 q - the +4 dagger "Puipruy" {elec, Int+5 Dex+3}
   (You found it on level 2 of the Dungeon)

   Int+5:     It affects your intelligence (+5).
   Dex+3:     It affects your dexterity (+3).
 z - a +4 war axe of freezing
   (You took it off a wight on level 4 of the Dungeon)
 B - a +5 flail of freezing
   (You took it off a wight on level 3 of the Dungeon)
 D - a +4 spear
   (You took it off a wight on level 4 of the Dungeon)
 K - a +0 glaive of flaming
   (You took it off Maggie on level 6 of the Dungeon)
 Z - a +1 short sword of protection
   (You took it off a kobold on level 3 of the Dungeon)
Missiles
 U - 6 atropa-tipped darts
Armour
 c - a +0 robe
 e - a +0 ring mail
   (You found it on level 2 of the Dungeon)
 i - the +1 leather armour of the Evening (worn) {rPois rC+++ SInv Stlth-}
   (You found it on level 2 of the Dungeon)

   rC+++:     It renders you almost immune to cold.
   rPois:     It protects you from poison SInv: It lets you see invisible.
   Stlth-:    It makes you less stealthy.
 k - a +0 robe
   (You found it on level 1 of the Dungeon)
 n - a +0 robe
   (You found it on level 2 of the Dungeon)
 w - the +1 pair of boots "Uple Xesargh" (worn) {Regen+}
   (You bought it in a shop on level 1 of the Dungeon)

   Regen+:    It increases your rate of health regeneration.
 y - a +0 robe
   (You took it off a wight on level 4 of the Dungeon)
 A - a +0 robe
   (You took it off a wight on level 3 of the Dungeon)
 C - a +0 robe
   (You took it off a wight on level 4 of the Dungeon)
 E - a +0 robe
   (You took it off a wight on level 4 of the Dungeon)
 G - a +0 robe
   (You found it on level 4 of the Dungeon)
 H - a +0 ring mail
   (You found it on level 4 of the Dungeon)
 I - a +0 ring mail
   (You found it on level 5 of the Dungeon)
 J - a +0 robe
   (You took it off an orc wizard on level 5 of the Dungeon)
 L - +0 steam dragon scales
   (You took it off Maggie on level 6 of the Dungeon)
 N - a +0 chain mail
   (You found it on level 5 of the Dungeon)
 O - a +0 scale mail
   (You took it off an orc on level 5 of the Dungeon)
 P - a +0 scale mail
   (You took it off an orc on level 5 of the Dungeon)
 R - a +0 robe
   (You took it off an orc wizard on level 5 of the Dungeon)
 T - a +0 robe
   (You found it on level 5 of the Dungeon)
 V - a +0 leather armour
   (You took it off a gnoll bouda on level 5 of the Dungeon)
 W - a +0 scale mail
   (You took it off an orc on level 6 of the Dungeon)
 Y - a +0 robe
   (You found it on level 6 of the Dungeon)
Jewellery
 g - a +4 ring of slaying (left hand)
   (You found it on level 1 of the Dungeon)
 M - a ring of flight (right hand)
   (You found it on level 5 of the Dungeon)
Wands
 d - a wand of iceblast (5)
   (You found it on level 6 of the Dungeon)
 t - a wand of flame (17)
   (You took it off Maggie on level 6 of the Dungeon)
 u - a wand of paralysis (18)
   (You found it on level 6 of the Dungeon)
Scrolls
 f - 7 scrolls of teleportation {unknown}
 h - 3 scrolls of poison {!r}
 o - a scroll of immolation {unknown}
 p - a scroll of silence {unknown}
 s - a scroll of fog {unknown}
 v - 5 scrolls of identify {unknown}
 x - 3 scrolls of amnesia {unknown}
 Q - 3 scrolls of enchant weapon {unknown}
 S - a scroll of blinking {unknown}
Potions
 j - 2 potions of curing {unknown}
 l - a potion of enlightenment {unknown}
 m - 2 potions of brilliance {unknown}
 r - 2 potions of heal wounds {unknown}
 F - a potion of lignification {unknown}
 X - a potion of mutation {unknown}


   Skills:
 - Level 3.0 Fighting
 + Level 10.5 Staves
 - Level 4.0 Ranged Weapons
 - Level 2.0 Dodging
 - Level 1.1 Spellcasting
 - Level 3.6 Hexes
 - Level 1.0 Fire Magic
 * Level 4.5 Evocations


You had 8 spell levels left.
You knew the following spells:

 Your Spells              Type           Power      Damage    Failure   Level
a - Jinxbite              Hex            20%        N/A       12%         2

Your spell library contained the following spells:

 Spells                   Type           Power      Damage    Failure   Level
 Confusing Touch          Hex            10%        N/A       24%         3
 Sigil of Binding         Hex            10%        N/A       24%         3
 Kiss of Death            Conj/Necr      0%         2d5       34%         1
 Sandblast                Erth           2%         2d4       34%         1
 Inner Flame              Hex/Fire       10%        N/A       36%         3
 Dazzling Flash           Conj/Hex       10%        N/A       43%         3
 Cause Fear               Hex            5%         N/A       61%         4
 Volatile Blastmotes      Fire/Tloc      6%         2d10      63%         3
 Call Canine Familiar     Summ           0%         N/A       71%         3
 Passwall                 Erth           1%         N/A       71%         3
 Stone Arrow              Conj/Erth      2%         3d7       71%         3
 Dimensional Bullseye     Hex/Tloc       2%         N/A       85%         4
 Flame Wave               Conj/Fire      3%         2d5       95%         4
 Sticky Flame             Fire/Alch      3%         2d4       95%         4
 Brom's Barrelling Bould  Conj/Erth      1%         2d3       98%         4
 Dispel Undead            Necr           0%         3d6       98%         4
 Starburst                Conj/Fire      1%         6d3       100%        6
 Maxwell's Capacitive Co  Air            0%         ∞         100%        8


Dungeon Overview and Level Annotations

Branches:
Dungeon (7/15)             Temple (1/1) D:4

Altars:
Ashenzari
Cheibriados
Dithmenos
Elyvilon
Fedhas
Hepliaklqana
Kikubaaqudgha
Makhleb
Nemelex Xobeh
Qazlal
Sif Muna
Uskayaw
Vehumet
Xom
Yredelemnul
Zin
The Shining One

Shops:
D:1 [   D:5 [

Annotations:
D:6 exclusion: door


Innate Abilities, Weirdness & Mutations

You cannot be hasted, slowed, berserked, paralysed or teleported.
You can dig through walls and to a lower floor.
You have a pair of large antennae on your head. (SInv)
Your four strong arms can wield two-handed weapons with a shield.


Message History

b - a +1 sling (weapon)
You pay a tithe of 1 gold.
You now have 220 gold pieces (gained 12).
v - 5 scrolls labelled DEUF GONOTONK (gained 1)
An orc wizard comes into view. It is wielding a +0 dagger.
The orc wizard shouts!
You hear a shout! x2
You shoot a sling bullet. The sling bullet hits the orc wizard!
You hear a shout!
You shoot a sling bullet. The sling bullet hits the orc wizard.
You shoot a sling bullet. The sling bullet hits the orc wizard.
The orc wizard points at you and mumbles some strange words.
The puff of flame hits you.
You shoot a sling bullet. The sling bullet hits the orc wizard.
You kill the orc wizard!
You start resting.
An orc priest comes into view. It is wielding a +0 trident.
The orc priest shouts!
The orc priest moves out of view.
An orc warrior and an orc wizard come into view.
The orc warrior is wielding a +0 flail of distortion.
The orc warrior shouts!
The orc wizard shouts!
Things that are here:
a +0 dagger; a +0 robe; an orc corpse The orc priest attacks as it pursues you!
The orc priest hits you from afar with a +0 trident.
The orc priest attacks as it pursues you!
The orc priest barely misses you. The orc priest misses you.
a - the +3 Elemental Staff (weapon)
{ele, rElec rF+ rC+ AC+3} The orc priest hits you from afar with a +0 trident.
You hit the orc warrior but do no damage.
An orc comes into view. It is wielding a +0 morningstar.
The orc priest hits you from afar with a +0 trident.
The orc shouts!
You hit the orc warrior. You freeze the orc warrior!!
You hit the orc warrior but do no damage.
The orc warrior hits you with a +0 flail of distortion.
Space warps around you!
The orc priest hits you from afar with a +0 trident.
You barely miss the orc warrior.
The orc warrior hits you with a +0 flail of distortion!
Space warps horribly around you!
* * * LOW HITPOINT WARNING * * *
The orc priest mumbles some strange prayers to Beogh against you.
Beogh smites you!
* * * LOW HITPOINT WARNING * * *
You hit the orc warrior.
The orc warrior hits you but does no damage.
Space warps horribly around you!
You die...

#.. #..
#####..##
........# #.#
...o....# #.#
..o...oo# #.#
#o# #.# #o# #.#
#@# #.#
.#####.####.###
...............#
####.########..#
# #..# #..# #..#
### #..# ..#
#..#


You could see an orc warrior, an orc priest, an orc wizard and an orc.

Vanquished Creatures
  Maggie (D:6)
  2 wyverns
  A water moccasin (D:7)
  2 black bears
  A centaur (D:5)
  A bullfrog (D:6)
  3 scorpions (D:5)
  4 wights
  5 killer bees (D:5)
  4 hounds
  2 gnoll boudas
  An orc priest (D:5)
  2 jellies
  2 sleepcaps
  An iguana (D:6)
  3 orc wizards
  10 gnolls (D:6)
  9 adders
  A shadow imp (D:6)
  A white imp (D:6)
  2 ufetubi (D:5)
  11 dart slugs
  A ribbon worm (D:3)
  12 orcs
  5 bats
  5 endoplasms
  12 giant cockroaches (D:2)
  9 goblins
  5 hobgoblins
  7 kobolds
  3 quokkas
  13 ball pythons
  2 frilled lizards (D:1)
  5 rats
148 creatures vanquished.

Notes
Turn   | Place    | Note
-------+----------+-------------------------------------------
     0 | D:1      | James the Formicid Hexslinger began the quest for the Orb.
     0 | D:1      | Reached XP level 1. HP: 15/15 MP: 2/2
   115 | D:1      | Reached XP level 2. HP: 21/21 MP: 3/3
   608 | D:1      | Found Neal Muggo's Armour Emporium.
   610 | D:1      | Reached XP level 3. HP: 26/26 MP: 4/4
   728 | D:1      | Learned a level 2 spell: Jinxbite
   850 | D:2      | Identified the +4 dagger "Puipruy" {elec, Int+5 Dex+3}
  1027 | D:2      | Identified the +1 leather armour of the Evening {rPois
                  | rC+++ SInv Stlth-}
  1149 | D:2      | Reached XP level 4. HP: 33/33 MP: 5/5
  1177 | D:2      | Found a broken altar of Ashenzari.
  1240 | D:2      | Found the +3 Elemental Staff {ele, rElec rF+ rC+ AC+3}
  1935 | D:3      | Reached XP level 5. HP: 32/41 MP: 6/6
  2246 | D:1      | Bought the +1 pair of boots "Uple Xesargh" {Regen+} for 181
                  | gold pieces
  2358 | D:4      | Reached skill level 1 in Staves
  2391 | D:4      | Found a staircase to the Ecumenical Temple.
  2399 | Temple   | Entered the Ecumenical Temple
  2423 | Temple   | Became a worshipper of Zin the Law-Giver
  2481 | D:4      | Reached skill level 2 in Staves
  2559 | D:4      | Found a shimmering blue altar of Sif Muna.
  2560 | D:4      | Found a stormy altar of Qazlal.
  2561 | D:4      | Found a white marble altar of Elyvilon.
  2791 | D:4      | Noticed a black bear
  2799 | D:4      | Killed a black bear
  2800 | D:4      | Reached skill level 3 in Staves
  2800 | D:4      | Reached XP level 6. HP: 47/47 MP: 7/7
  2867 | D:4      | Reached skill level 4 in Staves
  3109 | D:4      | Reached XP level 7. HP: 50/51 MP: 8/8
  3201 | D:4      | Reached skill level 5 in Staves
  3234 | D:4      | Reached * piety under Zin
  3536 | D:5      | Entered Level 5 of the Dungeon
  3591 | D:5      | Reached skill level 6 in Staves
  3688 | D:5      | Reached XP level 8. HP: 34/58 MP: 9/9
  3698 | D:5      | Reached skill level 7 in Staves
  3837 | D:5      | Found a shadowy altar of Dithmenos.
  3869 | D:5      | Found Highag's Armour Shop.
  3958 | D:5      | Reached skill level 8 in Staves
  4599 | D:6      | Found a basalt altar of Yredelemnul.
  5000 | D:6      | Reached skill level 9 in Staves
  5088 | D:6      | Noticed a wyvern
  5095 | D:6      | Killed a wyvern
  5096 | D:6      | Reached XP level 9. HP: 50/63 MP: 10/10
  5111 | D:6      | Reached ** piety under Zin
  5228 | D:6      | Reached skill level 10 in Staves
  5358 | D:6      | Reached skill level 1 in Evocations
  5672 | D:6      | Noticed Maggie
  5687 | D:6      | Killed Maggie
  6040 | D:7      | Slain by an orc warrior

Illustrated notes

Levels and vault maps discovered:
D:1:      minmay_arrival_split_and_join, layout_loops_ring, serial_shops,
          nicolae_shop_rolling_square, amcnicky_mini_rare_corridor_liquid
D:2:      minmay_roachtagon, layout_rooms, basic_altar, grunt_ministairs_5,
          minmay_tromino_v2
D:3:      layout_loops_cross
D:4:      layout_basic, chequers_temple_overflow_statue_of_worship,
          minmay_temple_entry_grid, serial_rivers,
          chequers_serial_rivers_large_a, chequers_serial_rivers_large_b,
          chequers_serial_rivers_micro_e, chequers_serial_rivers_room_a,
          chequers_serial_rivers_marsh
D:5:      layout_loops_corners, nicolae_overflow_crystal_walls, serial_shops,
          shop
D:6:      kennysheep_slugbush, layout_basic,
          mainiacjoe_overflow_small_starburst, minmay_pentangle, uniq_maggie,
          uniq_sigmund
D:7:      nicolae_cairo_tiling_large_dashed, layout_loops_ring
Temple:   nicolae_temple_bog_church

Skill      XL: |  1  2  3  4  5  6  7  8  9 |
---------------+----------------------------+-----
Ranged Weapons | 3 4 |  4.0
Fighting       | 3 |  3.0
Dodging        | 2 |  2.0
Staves         | 3 4 6 9 10 | 10.5
Evocations     | 4 |  4.5
Spellcasting   | |  1.1
Hexes          | |  3.6
Fire Magic     | |  1.0

Action                     |  1- 3 |  4- 6 |  7- 9 || total
---------------------------+-------+-------+-------++-------
  Melee: Dagger            |    13 |    42 |   151 ||   206
         Staff             |       |     1 |    25 ||    26
         Punch             |       |       |     4 ||     4
   Fire: Sling             |    60 |    62 |   142 ||   264
 Armour: Robe              |    12 |       |       ||    12
         Leather armour    |       |    29 |   170 ||   199
  Dodge: Dodged            |    17 |    22 |   122 ||   161
